 Dungeon Crawl Stone Soup version 0.19-a0-1166-g02d67b9 (webtiles) character file.

1975 st0uf the Ducker (level 9, -3/71 HPs)
             Began as a Grey Draconian Transmuter on Aug 13, 2016.
             Shot with an arrow by a centaur (13 damage)
             ... on level 6 of the Dungeon on Aug 14, 2016.
             The game lasted 00:36:22 (7374 turns).

st0uf the Ducker (Grey Draconian Transmuter)        Turns: 7374, Time: 00:36:23

Health: -3/71      AC: -2    Str: 14    XL:     9   Next: 0%
Magic:  16/16      EV: 15    Int: 13    God:
Gold:   299        SH:  0    Dex: 14    Spells: 3 memorised, 11 levels left

rFire  . . .     SeeInvis .       - Unarmed
rCold  . . .     Gourm    .     (armour unavailable)
rNeg   . . .     Faith    .     (no shield)
rPois  +         Spirit   .     (helmet restricted)
rElec  .         Dismiss  .     M - +0 cloak {rPois}
rCorr  .         Reflect  .     (no gloves)
MR     .....     Harm     .     l - +0 pair of boots {Stlth+}
Stlth  +++.......               (no amulet)
                                (no ring)
                                (no ring)

@: appendage (expiring), corroded
A: walk through water, unfitting armour, horns 2, unbreathing, cold-blooded, AC
+12
a: End Transformation


You were on level 6 of the Dungeon.
You were not hungry.
You had grown temporary horns.
You visited 1 branch of the dungeon, and saw 7 of its levels.
You also visited: Sewer.

You collected 299 gold pieces.

Inventory:

Missiles
 a - 206 arrows
Armour
 l - a +0 pair of boots of stealth (worn)
 M - a +0 cloak of poison resistance (worn)
Jewellery
 j - a +3 amulet of reflection {unknown}
 p - an uncursed amulet of magic regeneration {unknown}
 u - an uncursed ring of protection from cold {unknown}
 v - an uncursed ring of resist corrosion {unknown}
 H - an uncursed amulet of harm {unknown}
 I - an uncursed amulet of the gourmand {unknown}
 J - an uncursed amulet of regeneration {unknown}
Wands
 B - a wand of slowing (39/48)
Scrolls
 d - 4 scrolls of remove curse {unknown}
 e - 3 scrolls of identify {unknown}
 f - a scroll of magic mapping {unknown}
 r - a scroll of fear {unknown}
 s - 2 scrolls of teleportation {unknown}
 t - a scroll of immolation {unknown}
 y - a scroll of enchant weapon {unknown}
 z - a scroll of random uselessness {unknown}
 D - a scroll of recharging {unknown}
 E - 3 scrolls of fog {unknown}
 F - a scroll of amnesia {unknown}
 G - a scroll of brand weapon {unknown}
Potions
 g - 2 potions of mutation {unknown}
 h - 2 potions of lignification
 i - 2 potions of cure mutation {unknown}
 k - 4 potions of degeneration {unknown}
 m - 2 potions of magic {unknown}
 q - a potion of haste {unknown}
 w - 4 potions of curing {unknown}
 C - 2 potions of ambrosia {unknown}
 K - 2 potions of flight {unknown}
 L - a potion of heal wounds {unknown}
Books
 b - a book of Changes

   Spells                             Type                      Level
   a - Beastly Appendage              Transmutation                1
   b - Sticks to Snakes               Transmutation                2
   c - Spider Form                    Transmutation/Poison         3
   d - Ice Form                       Ice/Transmutation            4
   e - Blade Hands                    Transmutation                5
Comestibles
 c - 6 bread rations
 o - 3 meat rations
 x - a beef jerky
 A - 3 fruits


   Skills:
 + Level 4.0 Fighting
 + Level 6.2 Dodging
 + Level 3.3 Stealth
 + Level 5.7 Unarmed Combat
 + Level 4.8 Spellcasting
 + Level 4.7 Transmutations


You had 11 spell levels left.
You knew the following spells:

 Your Spells              Type           Power        Failure   Level  Hunger
a - Beastly Appendage     Tmut           ###...       3%          1    None
b - Sticks to Snakes      Tmut           ###.....     6%          2    ##.....
c - Spider Form           Tmut/Pois      #.........   21%         3    ###....


Dungeon Overview and Level Annotations

Branches:
Dungeon (7/15)
 Temple: D:4-7

Altars:
Dithmenos
Fedhas
Ru
Trog
Vehumet
Zin

Shops:
D:4 }

Annotations:
D:6 Prince Ribbit


Innate Abilities, Weirdness & Mutations

You can walk through water.
Your dull iron-grey scales are very hard. (AC +12)
Your body does not fit into most forms of armour.
You can survive without breathing.
You are cold-blooded and may be slowed by cold attacks.
You have a pair of horns on your head.


Message History

The acid burns!
You hit the jelly but do no damage.
Your hands burn!
You headbutt the jelly, but do no damage.
The jelly is severely wounded.
The jelly barely misses you.
You hit the jelly but do no damage.
Your hands burn!
* * * LOW HITPOINT WARNING * * *
You headbutt the jelly, but do no damage.
You tail-slap the jelly, but do no damage.
The jelly is severely wounded.
The jelly hits you.
* * * LOW HITPOINT WARNING * * *
You are splashed with acid!
The acid burns!
* * * LOW HITPOINT WARNING * * *
You see here a giant club.
Your transformation is almost over.
A centaur comes into view.
The centaur shouts!
The centaur wields a shortbow.
The centaur shoots an arrow.
The arrow hits you!
You die...

##.............########.#
############..# #.# #..# #.#
#..# #.#
###############..########.#####
#...........>.JJ.##...........#
#.##############.##.#####.###.#
..######..c.......#.# #.# #.#
.........#######@.#.# #.# #.#
..######## #.....#.# #.# #.#
..# ##.###.#.# #.###.# ..#
###...##.#.# #...#.# ..#
#........#.# ###.#.# ###
#.#...####.# #.#.# #.##.## #.#
#.#.# #....# #.# ##.#.# #
♣♣##.#### #.######....#


You could see a centaur and a jelly.

Vanquished Creatures
  Sigmund (D:5)
  Eustachio (D:5)
  The ghost of Tux the Conjurer, an amateur HuCj (D:4)
  An orc warrior (D:6)
  A phantom (D:5)
  4 centaurs
  A big kobold (Sewer)
  3 giant frogs
  A scorpion (D:6)
  2 howler monkeys
  2 crimson imps (D:5)
  3 hounds
  A jelly (D:5)
  Crazy Yiuf (D:6)
  An iguana (D:6)
  2 worker ants
  3 orc wizards
  Natasha (twice) (D:4)
  A hound skeleton (D:4)
  A howler monkey skeleton (D:4)
  7 adders
  A river rat (Sewer)
  2 shadow imps
  An adder zombie (D:5)
  An adder skeleton (D:6)
  3 dart slugs
  8 giant geckos
  11 orcs
  7 bats
  9 giant cockroaches
  3 goblins
  8 hobgoblins
  15 jackals
  A quokka (D:4)
  2 ball pythons (D:6)
  3 giant newts
  10 kobolds
  16 rats
141 creatures vanquished.

Vanquished Creatures (collateral kills)
  An ogre (D:6)
  An orc (D:6)
2 creatures vanquished.

Grand Total: 143 creatures vanquished

Notes
Turn   | Place    | Note
-------+----------+-------------------------------------------
     0 | D:1      | st0uf the Draconian Transmuter began the quest for the Orb.
     0 | D:1      | Reached XP level 1. HP: 16/16 MP: 3/3
   239 | D:1      | Reached XP level 2. HP: 18/23 MP: 3/5
   630 | D:1      | Reached skill level 2 in Dodging
  1072 | D:2      | Reached XP level 3. HP: 25/28 MP: 4/6
  1234 | D:2      | Learned a level 2 spell: Sticks to Snakes
  1413 | D:2      | Found a blossoming altar of Fedhas.
  1674 | D:3      | Reached XP level 4. HP: 30/35 MP: 5/7
  2224 | D:4      | Found Cigeel's Gadget Emporium.
  2510 | D:4      | Reached skill level 1 in Stealth
  2546 | D:4      | Noticed Tux's ghost (amateur HuCj)
  2844 | D:4      | Killed Tux's ghost
  2844 | D:4      | Reached skill level 3 in Dodging
  2844 | D:4      | Reached XP level 5. HP: 14/41 MP: 3/9
  3114 | D:4      | Noticed Natasha
  3119 | D:4      | Killed Natasha
  3119 | D:4      | Reached XP level 6. HP: 48/48 MP: 8/10
  3691 | D:5      | Entered Level 5 of the Dungeon
  3719 | D:5      | Found a sacrificial altar of Ru.
  3770 | D:5      | Noticed Sigmund
  4113 | D:4      | Noticed Natasha
  4117 | D:4      | Killed Natasha
  4178 | D:5      | Found a glowing silver altar of Zin.
  4395 | D:5      | Found a shadowy altar of Dithmenos.
  4532 | D:5      | Reached skill level 4 in Dodging
  4532 | D:5      | Your scales start taking on a dull iron-grey colour.
  4532 | D:5      | Reached XP level 7. HP: 23/55 MP: 10/12
  4532 | D:5      | Gained mutation: You can survive without breathing. [Grey Draconian growth]
  4790 | D:5      | Killed Sigmund
  4826 | D:5      | Noticed Eustachio
  4845 | D:5      | Killed Eustachio
  5130 | D:5      | Reached XP level 8. HP: 34/62 MP: 12/14
  5326 | D:5      | Found a bloodstained altar of Trog.
  5397 | D:5      | Reached skill level 5 in Dodging
  5624 | D:6      | Reached skill level 5 in Unarmed Combat
  5682 | D:6      | Found a radiant altar of Vehumet.
  5712 | D:6      | Noticed Prince Ribbit
  5940 | D:6      | Found a glowing drain.
  5967 | Sewer    | Entered a sewer
  6096 | Sewer    | Found a white marble altar of Elyvilon.
  6508 | D:6      | Reached skill level 6 in Dodging
  6903 | D:6      | Found a runed door.
  6907 | D:6      | Noticed Crazy Yiuf
  6923 | D:6      | Killed Crazy Yiuf
  6941 | D:6      | Learned a level 3 spell: Spider Form
  7093 | D:6      | Reached XP level 9. HP: 16/71 MP: 10/16
  7353 | D:6      | Upgraded the game from 0.19-a0-1155-gb6eeeff to 0.19-a0-1166-g02d67b9
  7374 | D:6      | Shot with an arrow by a centaur

Vault maps used:
D:1:      ncdulo_smallfort
D:2:      lemuel_coloured_pillars_altar
D:4:      serial_shops, kennysheep_little_box, uniq_natasha
D:5:      grunt_dithmenos_smoke, zin_scriptorium, kennysheep_mini_moat,
          first_bread, trog_hazing_becter, uniq_eustachio, uniq_sigmund
D:6:      old_standard_altar, portal_sewer_entry_c, uniq_crazy_yiuf_cottage,
          uniq_prince_ribbit1
D:7:      nicolae_overflow_crystal_walls, grunt_temple_overflow_open, the_bakery
Sewer:    sewer_kobolds

Skill      XL: |  1  2  3  4  5  6  7  8 |
---------------+-------------------------+-----
Dodging        | 2 3 4 6 |  6.2
Stealth        | 1 2 3 |  3.3
Fighting       | 2 4 |  4.0
Unarmed Combat | 4 5 |  5.7
Spellcasting   | 3 4 |  4.8
Transmutations | 3 4 |  4.7

Action                   |  1- 3 |  4- 6 |  7- 9 || total
-------------------------+-------+-------+-------++-------
Melee: Unarmed           |   157 |   221 |   299 ||   677
       Headbutt          |    12 |    36 |    49 ||    97
       Tailslap          |    14 |    27 |    42 ||    83
       Kick              |     6 |       |       ||     6
       Punch             |       |     5 |     4 ||     9
 Cast: Beastly Appendage |    33 |    30 |    33 ||    96
       Sticks to Snakes  |       |     2 |    13 ||    15
  Use: Potion            |       |     1 |       ||     1
 Stab: Sleeping          |     1 |     4 |     4 ||     9
  Eat: Chunk             |     3 |    10 |    10 ||    23
Armor: Skin              |    48 |    71 |    87 ||   206
Dodge: Dodged            |   104 |   148 |   232 ||   484
